 Dungeon Crawl Stone Soup version 0.31-a0-150-g89dc3ad700 (webtiles) character file.

Game seed: 6724436267112681218

65 qw the Shooter (level 3, -10/31 HPs)
             Began as a Minotaur Hunter on June 8, 2023.
             Killed by divine providence
             ... invoked by an orc priest
              (12 damage)
             ... on level 3 of the Dungeon.
             The game lasted 00:00:29 (1076 turns).

qw the Shooter (Minotaur Hunter)                    Turns: 1076, Time: 00:00:30

Health: -10/31     AC:  5    Str: 15    XL:     3   Next: 94%
Magic:  2/2        EV: 11    Int:  6    God:
Gold:   56         SH:  0    Dex: 15    Spells: 2/2 levels left

rFire   . . .        Y - +0 shortbow
rCold   . . .        (shield currently unavailable)
rNeg    . . .        h - +0 ring mail
rPois   .            (helmet restricted)
rElec   .            (no cloak)
rCorr   .            (no gloves)
SInv    .            (no boots)
Will    .....        (no amulet)
Stlth   +            (no ring)
HPRegen 0.25/turn    (no ring)
MPRegen 0.08/turn

%: no passive effects
@: no status effects
A: horns 2, retaliatory headbutt
a: no special abilities


You were on level 3 of the Dungeon.
You visited 1 branch of the dungeon, and saw 3 of its levels.

You collected 56 gold pieces.


Innate Abilities, Weirdness & Mutations

You have a pair of horns on your head.
You reflexively headbutt those who attack you in melee.


   Skills:
 - Level 3.0 Fighting
 + Level 5.7 Ranged Weapons
 - Level 1.1 Armour
 - Level 2.1 Dodging
 - Level 0.7 Stealth


You had 2 spell levels left.
You didn't know any spells.
Your spell library was empty.

Inventory:

Hand Weapons
 Y - a +0 shortbow (weapon)
Armour
 h - a +0 ring mail (worn)
Jewellery
 b - a +4 ring of protection
Potions
 a - a potion of curing {unknown}
 f - a potion of resistance {unknown}
 j - a potion of enlightenment {unknown}

Dungeon Overview and Level Annotations

Branches:
Dungeon (3/15)

Altars:

Annotations:
D:3 Ijyb


Message History

Ouch! That really hurt!
Ijyb closely misses you.
Ijyb zaps a wand.
The puff of flame hits you but does no damage.
You shoot an arrow. The arrow hits Ijyb.
Ijyb is lightly wounded.
Ijyb closely misses you.
You shoot an arrow. The arrow barely misses Ijyb.
The orc priest looks satisfied for a moment.
Ijyb screams, "I cut your head off!"
Ijyb zaps a wand.
The puff of flame hits you.
You shoot an arrow. The arrow hits Ijyb!
Ijyb is moderately wounded.
Ijyb hits you with a +0 club.
1069 ||| DRINKING potion of heal wounds.
You feel much better. Ijyb hits you but does no damage.
You shoot an arrow. The arrow hits Ijyb but does no damage.
Ijyb is moderately wounded.
The orc priest calls down the wrath of Beogh upon you.
Beogh smites you! Ijyb hits you but does no damage.
Ijyb zaps a wand.
The puff of flame hits you!
You shoot an arrow. The arrow barely misses Ijyb.
Ijyb zaps a wand.
The puff of flame hits you!
You shoot an arrow. The arrow closely misses Ijyb.
The orc priest calls upon Beogh to heal the orc.
The orc's wounds heal themselves!
Ijyb closely misses you.
You shoot an arrow. The arrow hits Ijyb.
Ijyb is heavily wounded.
Ijyb misses you.
You shoot an arrow. The arrow closely misses Ijyb.
Ijyb closely misses you.
You shoot an arrow. The arrow hits Ijyb.
Ijyb is severely wounded.
Ijyb barely misses you. You furiously retaliate!
You headbutt Ijyb. Ijyb hits you with a +0 club.
You shoot an arrow. The arrow hits Ijyb.
Ijyb is almost dead.
The orc priest calls down the wrath of Beogh upon you.
Beogh smites you!
You die...

###########
#........7P
#####.###7~7~~~
#.....7 77~PP~~
.....##..7~7~~7~~7
########.~~~~~~~~~~
#.@.....~77~P~~P~~~
#g#####~7P~~~7~~~~~
#o #~7P~~~~~~~~~ .o
#~~~~7~~~~~~~ ...
#.~~~P ~7~~~~ ...#
#..P~~~ ~~ ...#
...777~P ~ ....
.... 77~


You could see Ijyb, an orc priest and an orc.

Vanquished Creatures
  2 adders (D:2)
  A worm (D:3)
  A dart slug (D:1)
  3 endoplasms
  3 giant cockroaches (D:1)
  8 hobgoblins
  2 jackals (D:2)
  3 quokkas
  4 ball pythons
  A bat (D:1)
  A frilled lizard (D:1)
  6 kobolds (D:1)
  5 rats
40 creatures vanquished.

Notes
Turn   | Place    | Note
-------+----------+-------------------------------------------
     0 | D:1      | qw the Minotaur Hunter began the quest for the Orb.
     0 | D:1      | Reached XP level 1. HP: 18/18 MP: 0/0
     0 | D:1      | 0 ||| qw: Version: 0.2-a-119-g7aa9181
     0 | D:1      | 0 ||| qw: Game counter: 2931
     0 | D:1      | 0 ||| qw: Always use a shield: true
     0 | D:1      | 0 ||| qw: God list: Okawaru
     0 | D:1      | 0 ||| qw: Allow faded altars: false
     0 | D:1      | 0 ||| qw: Do Orc after D:15 true
     0 | D:1      | 0 ||| qw: Do second Lair branch before Depths: true
     0 | D:1      | 0 ||| qw: Lair rune preference: random
     0 | D:1      | 0 ||| qw: Plans: Normal
     0 | D:1      | 0 ||| PLANNING D:1-11
    52 | D:1      | Reached XP level 2. HP: 25/25 MP: 1/1
    64 | D:1      | Reached skill level 5 in Ranged Weapons
   148 | D:1      | Reached skill level 3 in Fighting
   380 | D:1      | Reached XP level 3. HP: 31/31 MP: 2/2
   539 | D:1      | 539 ||| DROPPING scarf of invisibility.
   540 | D:1      | 540 ||| UPGRADING to +0 ring mail.
   550 | D:1      | 550 ||| DROPPING +0 leather armour.
   551 | D:1      | 551 ||| READING scroll labelled LUIL OR FIBRA.
   552 | D:1      | 552 ||| READING scroll labelled POMUNG WOEFU.
   555 | D:1      | 555 ||| DRINKING 2 pink potions.
   556 | D:1      | 556 ||| DROPPING scroll of butterflies.
   585 | D:2      | Reached skill level 1 in Armour
   948 | D:2      | You fall into a shaft and drop 1 floor!
  1062 | D:3      | Noticed Ijyb
  1068 | D:3      | HP: 7/31 [Ijyb/+0 club (3)]
  1069 | D:3      | 1069 ||| DRINKING potion of heal wounds.
  1071 | D:3      | HP: 1/31 [Ijyb/puff of flame (8)]
  1076 | D:3      | Killed from afar by an orc priest

Levels and vault maps discovered:
D:1:      matt_arrival_diagonals, layout_basic
D:2:      layout_basic, grunt_ministairs_5
D:3:      layout_loops_ring, serial_bayou_lake_a, uniq_jessica, uniq_ijyb,
          uniq_crazy_yiuf_cottage

Skill      XL: |  1  2  3 |
---------------+----------+-----
Ranged Weapons | 5 |  5.7
Fighting       | 3 |  3.0
Armour         | 1 |  1.1
Dodging        | |  2.1
Stealth        | |  0.7

Action                     || total
---------------------------++-------
   Fire: Shortbow          ||   133
    Use: Scroll            ||     2
         Potion            ||     2
 Armour: Leather armour    ||     3
         Ring mail         ||    10
  Dodge: Dodged            ||    39

Table legend:
 A = Non-vault XP
 B = Vault XP
 C = Vault XP percentage of total XP
 D = Non-vault monster count
 E = Vault monster count
 F = Vault count percentage of total count
                 A         B        C        D         E       F
            +---------+---------+-------+---------+---------+-------
      Total |      94 |       0 |   0.0 |      40 |       0 |   0.0
            +---------+---------+-------+---------+---------+-------
        D:1 |      44 |       0 |   0.0 |      27 |       0 |   0.0
        D:2 |      37 |       0 |   0.0 |       8 |       0 |   0.0
        D:3 |      13 |       0 |   0.0 |       5 |       0 |   0.0
            +---------+---------+-------+---------+---------+-------
